[Event "ICC tourney 1923 (15 5)"]
[Site "Internet Chess Club"]
[Date "2020.07.17"]
[Round "5"]
[White "ArsenioB2012"]
[Black "iamlifamily"]
[Result "1-0"]
[ICCResult "Black checkmated"]
[WhiteElo "1524"]
[BlackElo "1360"]
[Opening "Caro-Kann: classical variation"]
[ECO "B18"]
[NIC "CK.10"]
[Time "16:13:20"]
[TimeControl "900+5"]

1. d4 c6 2. e4 d5 3. Nc3 dxe4 4. Nxe4 Bf5 5. Bd3 Qxd4 6. Nf3 Qd8 7. O-O e6
8. Ng3 Bxd3 9. cxd3 Be7 10. Be3 Nf6 11. Rc1 O-O 12. Ne4 Nbd7 13. Re1 Bb4 14.
Re2 Nd5 15. a3 Be7 16. Bd4 Nf4 17. Re1 e5 18. Be3 Ng6 19. Qb3 Qc7 20. d4
exd4 21. Bxd4 h6 22. Qc3 f6 23. Ng3 c5 24. Qc2 Nge5 25. Nxe5 fxe5 26. Bc3
Bg5 27. Rcd1 Rf7 28. Rd5 Re8 29. Ne4 Bf6 30. Nd6 Qc6 31. Rdd1 Bh4 32. Nxe8
Bxf2+ 33. Qxf2 Rxf2 34. Kxf2 Kf8 35. Nd6 Qb6 36. Nc4 Qf6+ 37. Kg1 Kg8 38.
Rxd7 Qe6 39. Nxe5 b6 40. Rxa7 Kh7 41. Rxg7+ Kxg7 42. Nf3+ Kf7 43. Rxe6 Kxe6
44. b4 cxb4 45. Bxb4 Kd5 46. Kf2 Kc4 47. Ke3 Kd5 48. Kf4 Ke6 49. Kg4 Kf6 50.
Kh5 Kg7 51. Nh4 Kh7 52. Nf5 b5 53. Nxh6 Kh8 54. Kg5 Kh7 55. Kh5 Kh8 56. g4
Kh7 57. g5 Kh8 58. h4 Kh7 59. g6+ Kh8 60. Bc3# {Black checkmated} 1-0

[Event "ICC tourney 1923 (15 5)"]
[Site "Internet Chess Club"]
[Date "2020.07.17"]
[Round "5"]
[White "gambit02"]
[Black "IGMin2023"]
[Result "0-1"]
[ICCResult "White checkmated"]
[WhiteElo "1138"]
[BlackElo "1268"]
[Opening "QGD semi-Slav"]
[ECO "D43"]
[NIC "QP.08"]
[Time "16:13:27"]
[TimeControl "900+5"]

1. d4 d5 2. Nf3 e6 3. c4 c6 4. Nc3 Nf6 5. Bf4 g6 6. e3 Nbd7 7. Bd3 Bg7 8.
O-O O-O 9. Qc2 Re8 10. Rfe1 Nh5 11. Bg3 b6 12. Bh4 Nhf6 13. a3 Qc7 14. Bg3
Qb7 15. Qb3 Nh5 16. Bh4 a6 17. Qc2 b5 18. c5 Nhf6 19. Qb1 h6 20. Qc2 e5 21.
dxe5 Nxe5 22. Nxe5 Rxe5 23. Bg3 Re6 24. Re2 Qe7 25. Bd6 Qe8 26. Ree1 Ne4 27.
Nxe4 dxe4 28. Be2 Rf6 29. Bg3 Qe6 30. Qd2 Bb7 31. Qa5 h5 32. Bh4 Rf5 33. Qb4
Bf8 34. Bg3 Bxc5 35. Qc3 Bf8 36. Red1 Bg7 37. Qc2 Bf8 38. Rd4 Rc5 39. Qxe4
Qb3 40. Rb4 Qe6 41. Qb1 Rf5 42. Re4 Qd7 43. Rd4 Qc8 44. Qc2 Rc5 45. Qb3 Rf5
46. Bd3 Rf6 47. Bh4 Re6 48. Qc2 c5 49. Rf4 Qc6 50. Rf3 c4 51. Be2 Re5 52.
Bg3 Rf5 53. Rd1 Rd5 54. Re1 Rdd8 55. Bh4 Rd6 56. Bg3 Re6 57. Bh4 Rae8 58.
Rd1 Be7 59. Bg3 Rf6 60. Bh4 Rf5 61. Bg3 h4 62. Bxh4 Bxh4 63. e4 Rxe4 64. Qd2
Rxe2 65. Qxe2 Rg5 66. Qf1 Qxf3 67. Rd8+ Kg7 68. Kh1 Rxg2 69. Qxg2 Qxg2#
{White checkmated}
0-1

[Event "ICC tourney 1923 (15 5)"]
[Site "Internet Chess Club"]
[Date "2020.07.17"]
[Round "5"]
[White "OwenT"]
[Black "NimaiG"]
[Result "0-1"]
[ICCResult "White resigns"]
[WhiteElo "1573"]
[BlackElo "1628"]
[Opening "two knights defense: Bogolyubov variation"]
[ECO "C58"]
[NIC "KP.01"]
[Time "16:13:32"]
[TimeControl "900+5"]

1. e4 e5 2. Nf3 Nc6 3. Bc4 Nf6 4. Ng5 d5 5. exd5 Na5 6. Bb5+ c6 7. dxc6 bxc6
8. Qf3 Be7 9. Bxc6+ Nxc6 10. Qxc6+ Bd7 11. Qf3 O-O 12. O-O Rc8 13. Nc3 Ng4
14. Nge4 f5 15. Ng3 e4 16. Qe2 f4 17. Ngxe4 f3 18. gxf3 Ne5 19. d3 Nxf3+ 20.
Kh1 Bh3 21. Rg1 Nxg1 22. Kxg1 Rc6 23. Be3 Rg6+ 24. Ng3 Bg4 25. Qf1 Bf3 26.
Ne4 Bh4 27. Nd2 Bb7 28. Ne4 Qd7 29. Re1 Bxg3 30. hxg3 Bxe4 31. dxe4 Rxg3+
32. fxg3 Rxf1+ 33. Rxf1 Qg4 34. Bf2 Qxe4 35. c3 Qc2 36. Bxa7 Qxb2 37. Bd4
Qxa2 38. Rf2 Qd5 39. Kh2 Qe6 40. Kg2 Qe4+ 41. Kh2 h5 42. Kh3 Qh1+ 43. Rh2
Qf1+ 44. Rg2 g5 45. Kh2 g4 46. Be5 Kh7 47. Bd4 Kg6 48. Bc5 Qb5 49. Bd4 Qd3
50. Be5 h4 51. Bd4 Kf5 52. Rf2+ Kg6 53. Rg2 Kf5 54. Rf2+ Ke6 55. Rg2 Qf3 56.
gxh4 Qh3+ 57. Kg1 g3 58. h5 Kf5 59. h6 Kf4 60. Re2 Qh5 61. Rd2 Qf5 62. Re2
Kf3 63. Re3+ Kg4 64. Re1 Kh3 65. Rf1 Qc2 66. Rf2 gxf2+ 67. Bxf2 Qc1+
{White resigns}
0-1

[Event "ICC tourney 1923 (15 5)"]
[Site "Internet Chess Club"]
[Date "2020.07.17"]
[Round "6"]
[White "stephenwilly"]
[Black "tanish456"]
[Result "1-0"]
[ICCResult "Black checkmated"]
[WhiteElo "1626"]
[BlackElo "1519"]
[Opening "French: exchange variation"]
[ECO "C01"]
[NIC "FR.01"]
[Time "17:03:27"]
[TimeControl "900+5"]

1. e4 e6 2. d4 d5 3. exd5 exd5 4. c4 c6 5. Nc3 Nf6 6. Nf3 Be6 7. c5 g6 8.
Bf4 Bg7 9. Bd3 Nbd7 10. Qe2 b6 11. Ng5 Qe7 12. Bd6 Qd8 13. Nxe6 Qc8 14.
Nxg7+ Kd8 15. Qe7# {Black checkmated} 1-0

[Event "ICC tourney 1923 (15 5)"]
[Site "Internet Chess Club"]
[Date "2020.07.17"]
[Round "6"]
[White "amdink"]
[Black "luckylol3"]
[Result "0-1"]
[ICCResult "White checkmated"]
[WhiteElo "1536"]
[BlackElo "1400"]
[Opening "Ruy Lopez: Marshall, main line, 12.d2d4"]
[ECO "C89"]
[NIC "RL.17"]
[Time "17:03:31"]
[TimeControl "900+5"]

1. e4 e5 2. Nf3 Nc6 3. Bb5 a6 4. Ba4 Nf6 5. O-O Be7 6. Re1 b5 7. Bb3 O-O 8.
c3 d5 9. exd5 Nxd5 10. Nxe5 Nxe5 11. Rxe5 c6 12. d4 Bd6 13. Re1 Qh4 14. h3
Bd7 15. Qf3 Rfe8 16. Rxe8+ Rxe8 17. Be3 Rxe3 18. fxe3 Qe1+ 19. Qf1 Bh2+ 20.
Kxh2 Qxf1 21. e4 Ne3 22. d5 Qxg2# {White checkmated} 0-1

[Event "ICC tourney 1923 (15 5)"]
[Site "Internet Chess Club"]
[Date "2020.07.17"]
[Round "6"]
[White "savagefire"]
[Black "askuo"]
[Result "1/2-1/2"]
[ICCResult "Game drawn by mutual agreement"]
[WhiteElo "1108"]
[BlackElo "1058"]
[Opening "King's Indian: Petrosian system"]
[ECO "E92"]
[NIC "KI.17"]
[Time "17:04:20"]
[TimeControl "900+5"]

1. d4 Nf6 2. c4 g6 3. Nc3 Bg7 4. e4 O-O 5. Nf3 d6 6. Be2 e5 7. d5 Ne8 8. O-O
f5 9. Bd2 f4 10. Qc2 Bd7 11. Rfe1 g5 12. h3 h5 13. Nh2 Qf6 14. f3 Qh6
{Game drawn by mutual agreement}
1/2-1/2

[Event "ICC tourney 1923 (15 5)"]
[Site "Internet Chess Club"]
[Date "2020.07.17"]
[Round "6"]
[White "iamlifamily"]
[Black "dhroov"]
[Result "0-1"]
[ICCResult "White checkmated"]
[WhiteElo "1345"]
[BlackElo "1431"]
[Opening "Giuoco Piano"]
[ECO "C50"]
[NIC "IG.02"]
[Time "17:03:38"]
[TimeControl "900+5"]

1. e4 e5 2. Nf3 Nc6 3. Bc4 Bc5 4. O-O Nf6 5. d3 h6 6. c3 d6 7. h3 O-O 8. Be3
Bb6 9. Nbd2 Ne7 10. d4 Ng6 11. Rb1 c6 12. Qc2 Bc7 13. a3 b5 14. Bb3 Bd7 15.
Kh2 c5 16. dxc5 dxc5 17. Bxc5 Nf4 18. Bxf8 Kxf8 19. c4 Qc8 20. cxb5 Bxh3 21.
Qc5+ Kg8 22. Rg1 Ng4+ 23. Kg3 Ne2+ 24. Kxh3 Nxf2+ 25. Kh2 Ng4+ 26. Kh1 Ng3#
{White checkmated}
0-1

[Event "ICC tourney 1923 (15 5)"]
[Site "Internet Chess Club"]
[Date "2020.07.17"]
[Round "6"]
[White "gusfalconjr"]
[Black "gambit02"]
[Result "0-1"]
[ICCResult "White resigns"]
[WhiteElo "1150"]
[BlackElo "1182"]
[Opening "English opening"]
[ECO "A22"]
[NIC "EO.10"]
[Time "17:03:57"]
[TimeControl "900+5"]

1. c4 e5 2. Nc3 Nf6 3. d3 Bc5 4. g3 O-O 5. Bg2 Nc6 6. Nf3 d6 7. Bg5 h6 8.
Bxh6 gxh6 9. a3 Kh7 10. Qd2 Bf5 11. Nh4 Be6 12. O-O Rb8 13. Rac1 Nd4 14. Rb1
Nb3 15. Qd1 Nd4 16. Qd2 Qd7 17. Rfe1 Nb3 18. Qd1 Nd4 19. Qd2 Nc6 20. Qd1 Ng4
21. Nf3 Nxf2 22. Qd2 Ne4+ {White resigns} 0-1

[Event "ICC tourney 1923 (15 5)"]
[Site "Internet Chess Club"]
[Date "2020.07.17"]
[Round "6"]
[White "arjun-venkat"]
[Black "rjaichand"]
[Result "1-0"]
[ICCResult "Black resigns"]
[WhiteElo "1273"]
[BlackElo "1345"]
[Opening "Scotch: Meitner variation"]
[ECO "C45"]
[NIC "SO.05"]
[Time "17:03:40"]
[TimeControl "900+5"]

1. e4 e5 2. Nf3 Nc6 3. d4 exd4 4. Nxd4 Bc5 5. Be3 Qf6 6. c3 Nge7 7. Nc2 Bxe3
8. Nxe3 d6 9. Bc4 Be6 10. Bb3 Bxb3 11. axb3 Rd8 12. O-O Ne5 13. Rxa7 Rb8 14.
Nd2 Nd3 15. Qa1 O-O 16. Nf3 Ne5 17. Nxe5 dxe5 18. Qa3 Ng6 19. Ra1 Nf4 20.
Nd5 Qg5 21. Nxf4 exf4 22. Qa5 f3 23. Qxg5 {Black resigns} 1-0

[Event "ICC tourney 1923 (15 5)"]
[Site "Internet Chess Club"]
[Date "2020.07.17"]
[Round "6"]
[White "cheesehead146"]
[Black "Phineashrad"]
[Result "1-0"]
[ICCResult "Black checkmated"]
[WhiteElo "1260"]
[BlackElo "1144"]
[Opening "Giuoco Pianissimo"]
[ECO "C50"]
[NIC "IG.02"]
[Time "17:03:28"]
[TimeControl "900+5"]

1. e4 e5 2. Nf3 Nc6 3. Bc4 Bc5 4. d3 Nf6 5. Bg5 h6 6. Bh4 Be7 7. Nc3 Nh5 8.
Bg3 Nxg3 9. hxg3 Nd4 10. Nxe5 Bd6 11. Nxf7 Qf6 12. Nxh8 Bb4 13. Qd2 Qg5 14.
Qxg5 hxg5 15. O-O-O Bxc3 16. bxc3 Nc6 17. Ng6 Na5 18. Bb3 Nxb3+ 19. cxb3 Kf7
20. Ne5+ Ke6 21. Nf3 d6 22. Rh7 Kf6 23. Rh8 g4 24. Nh4 g5 25. Rf1 gxh4 26.
gxh4 Kg7 27. Rd8 Kf7 28. h5 Kg7 29. f3 g3 30. f4 Kh6 31. Rg8 Kh7 32. Rxg3
Kh6 33. f5 Bd7 34. f6 Rf8 35. f7 Be6 36. Rf6+ Kh7 37. Rxe6 Rxf7 38. h6 Rf1+
39. Kb2 Rf2+ 40. Ka3 Rf7 41. Rg7+ Rxg7 42. hxg7 Kxg7 43. Kb2 Kf7 44. Rh6 Kg7
45. Rh5 Kg6 46. Rd5 Kf6 47. Kc2 Ke6 48. Kd2 c6 49. Rh5 Kf6 50. Ke3 Kg6 51.
Rf5 d5 52. Kf4 dxe4 53. dxe4 c5 54. Rd5 c4 55. Rd6+ Kf7 56. Ke5 cxb3 57.
axb3 Ke7 58. Rh6 Kf7 59. g4 Kg7 60. Rd6 Kf7 61. g5 Kg7 62. Kf5 Kf7 63. Rd7+
Kg8 64. Kf6 Kf8 65. Rd8# {Black checkmated} 1-0

[Event "ICC tourney 1923 (15 5)"]
[Site "Internet Chess Club"]
[Date "2020.07.17"]
[Round "6"]
[White "Queen2812"]
[Black "RhysieB"]
[Result "1-0"]
[ICCResult "Black resigns"]
[WhiteElo "1360"]
[BlackElo "1307"]
[Opening "Queen's pawn, Mason variation"]
[ECO "D00"]
[NIC "QP.08"]
[Time "17:03:40"]
[TimeControl "900+5"]

1. d4 d5 2. Bf4 Bf5 3. e3 c5 4. c3 e6 5. Bd3 Bg6 6. Qc2 Nc6 7. Nf3 Nf6 8.
Nbd2 Be7 9. Nh4 Ne4 10. Nxg6 fxg6 11. Nxe4 dxe4 12. Bxe4 O-O 13. O-O-O Bg5
14. Bxg5 Qxg5 15. Qb3 Rxf2 16. Qxe6+ Kh8 17. Rhe1 Rff8 18. Bxc6 bxc6 19.
Qxc6 Rac8 20. Qe4 Rce8 21. Qd3 cxd4 22. Qxd4 Rd8 23. Qxa7 Rxd1+ 24. Rxd1
Qxg2 25. Qe7 Qf3 26. Rd8 Qf1+ 27. Kc2 Qf5+ 28. Kb3 Qb5+ 29. Kc2 Qf5+ 30. e4
Qf2+ 31. Rd2 Qf4 32. a4 Qb8 33. Qd6 Qxd6 34. Rxd6 Rf2+ 35. Rd2 Rxd2+ 36.
Kxd2 Kg8 37. a5 Kf8 38. a6 Ke8 39. a7 Kd7 40. b4 Kc7 41. a8=Q {Black
resigns} 1-0

[Event "ICC tourney 1923 (15 5)"]
[Site "Internet Chess Club"]
[Date "2020.07.17"]
[Round "6"]
[White "NimaiG"]
[Black "NK2007"]
[Result "1/2-1/2"]
[ICCResult "Game drawn by repetition"]
[WhiteElo "1604"]
[BlackElo "1205"]
[Opening "Sicilian: Labourdonnais-Löwenthal (Kalashnikov) variation"]
[ECO "B32"]
[NIC "SI.32"]
[Time "17:03:48"]
[TimeControl "900+5"]

1. e4 c5 2. Nf3 Nc6 3. d4 cxd4 4. Nxd4 e5 5. Nb5 d6 6. N1c3 a6 7. Na3 b5 8.
Nd5 Nf6 9. Bd3 Be6 10. O-O Be7 11. c3 O-O 12. Nc2 Na5 13. Nxe7+ Qxe7 14. h3
h6 15. Re1 Nc4 16. b3 Nb6 17. Ne3 Nbd7 18. Ba3 Rac8 19. Qd2 Nc5 20. Bxc5
Rxc5 21. Rad1 Rfc8 22. c4 bxc4 23. Bxc4 Nxe4 24. Qd3 Bxc4 25. bxc4 Nf6 26.
Nf5 Qc7 27. Qxd6 Kh7 28. Qxa6 Ra5 29. Qd6 Qxc4 30. Rc1 Qxc1 31. Rxc1 Rxc1+
32. Kh2 Rxa2 33. Qf8 Kg6 34. Nh4+ Kh7 35. Nf5 Kg6 36. Nh4+ Kh7 37. Nf5
{Game drawn by repetition}
1/2-1/2

[Event "ICC tourney 1923 (15 5)"]
[Site "Internet Chess Club"]
[Date "2020.07.17"]
[Round "6"]
[White "nguyencaptures"]
[Black "Vidipkona"]
[Result "0-1"]
[ICCResult "White checkmated"]
[WhiteElo "1258"]
[BlackElo "1525"]
[Opening "Sicilian"]
[ECO "B50"]
[NIC "SI.01"]
[Time "17:04:20"]
[TimeControl "900+5"]

1. e4 c5 2. Nf3 d6 3. c3 Nf6 4. Bc4 a6 5. O-O e6 6. Re1 Be7 7. d3 O-O 8. Bf4
b5 9. Bb3 Bb7 10. Nbd2 Nbd7 11. e5 dxe5 12. Nxe5 Nxe5 13. Bxe5 Qxd3 14. Bc2
Qd7 15. Bxf6 Bxf6 16. Qh5 g6 17. Qh3 Qxd2 18. Rac1 Qd6 19. Rcd1 Qc7 20. Qh6
Bg7 21. Qh3 Rad8 22. Rxd8 Rxd8 23. Qe3 Qd6 24. Qe2 Qd2 25. Qxd2 Rxd2 26. Bb1
Rxb2 27. f3 Bxc3 28. Rc1 Bd4+ 29. Kf1 Bd5 30. a3 Bc4+ 31. Ke1 Bf2+ 32. Kd1
Be2# {White checkmated} 0-1

[Event "ICC tourney 1923 (15 5)"]
[Site "Internet Chess Club"]
[Date "2020.07.17"]
[Round "6"]
[White "JerryZhu"]
[Black "funstyle"]
[Result "1/2-1/2"]
[ICCResult "Game drawn by repetition"]
[WhiteElo "1329"]
[BlackElo "1327"]
[Opening "QGD: 3...Nf6"]
[ECO "D35"]
[NIC "QO.16"]
[Time "17:03:40"]
[TimeControl "900+5"]

1. d4 d5 2. c4 e6 3. Nc3 Nf6 4. e3 Bd7 5. Bd3 Bb4 6. Bd2 O-O 7. a3 Be7 8.
Nf3 dxc4 9. Bxc4 Nc6 10. O-O Bd6 11. Re1 Re8 12. e4 e5 13. dxe5 Nxe5 14.
Nxe5 Bxe5 15. Qc2 Be6 16. Bxe6 Rxe6 17. Rad1 Qe7 18. Be3 Re8 19. Bd4 Bxd4
20. Rxd4 Rc6 21. Qd2 Re6 22. f3 c5 23. Rd3 b6 24. Nd5 Nxd5 25. Rxd5 Re5 26.
Rd7 Qe6 27. Rxa7 f5 28. Ra4 fxe4 29. Raxe4 Rxe4 30. fxe4 Re7 31. b4 Rd7 32.
Qe2 cxb4 33. axb4 Rd4 34. b5 Rb4 35. e5 Rd4 36. Qc2 Rd5 37. Qc6 Qxc6 38.
bxc6 Rc5 39. e6 Kf8 40. e7+ Ke8 41. Kf2 Rxc6 42. Kf3 Rc7 43. Re6 Rxe7 44.
Rxb6 Rf7+ 45. Kg3 Rd7 46. Rb8+ Kf7 47. Rb3 Rd6 48. Rf3+ Rf6 49. Rxf6+ Kxf6
50. Kf4 g5+ 51. Kg4 Kg6 52. h4 h5+ 53. Kh3 g4+ 54. Kg3 Kf5 55. Kf2 Kf4 56.
g3+ Ke4 57. Ke2 Kf5 58. Kd3 Ke5 59. Ke3 Kf5 60. Kd4 Kf6 61. Ke4 Kg6 62. Kf4
Kf6 63. Ke4 Ke6 64. Kf4 Kf6 65. Ke4 Ke6 66. Kf4 Kf6 67. Ke4
{Game drawn by repetition}
1/2-1/2

[Event "ICC tourney 1923 (15 5)"]
[Site "Internet Chess Club"]
[Date "2020.07.17"]
[Round "6"]
[White "ChessStar22"]
[Black "aidaamin"]
[Result "1-0"]
[ICCResult "Black checkmated"]
[WhiteElo "1358"]
[BlackElo "1310"]
[Opening "Queen's pawn game"]
[ECO "D00"]
[NIC "QP.08"]
[Time "17:03:45"]
[TimeControl "900+5"]

1. d4 d5 2. e3 Nf6 3. c4 dxc4 4. Bxc4 Bf5 5. Nc3 e6 6. Bd3 Bxd3 7. Qxd3 Nc6
8. a3 e5 9. Nf3 exd4 10. Nxd4 Nxd4 11. Qxd4 Bd6 12. Nb5 a6 13. Nxd6+ Qxd6
14. Qxd6 cxd6 15. O-O O-O 16. b4 b5 17. Bb2 d5 18. Rfd1 Rad8 19. Rd2 Ne4 20.
Rd3 Rfe8 21. f3 Nf6 22. Rad1 Kf8 23. Bxf6 gxf6 24. e4 d4 25. Rxd4 Rxd4 26.
Rxd4 Ke7 27. f4 Rd8 28. Rxd8 Kxd8 29. Kf2 Ke7 30. g4 Ke6 31. h4 h6 32. g5
fxg5 33. fxg5 h5 34. Kf3 Kd6 35. Kf4 Ke6 36. e5 Ke7 37. Kf5 Kf8 38. g6 Kg7
39. gxf7 Kxf7 40. e6+ Ke7 41. Ke5 Ke8 42. Kf6 Kf8 43. Kg6 Ke7 44. Kxh5 Kxe6
45. Kg6 Ke7 46. Kg7 Ke8 47. h5 Ke7 48. h6 Kd6 49. h7 Kd5 50. h8=Q Kc4 51.
Kf7 Kb3 52. Qa8 Kxa3 53. Qxa6+ Kxb4 54. Ke6 Kc5 55. Ke5 Kb4 56. Kd4 Kb3 57.
Qxb5+ Ka3 58. Kc3 Ka2 59. Qb2# {Black checkmated} 1-0

[Event "ICC tourney 1923 (15 5)"]
[Site "Internet Chess Club"]
[Date "2020.07.17"]
[Round "6"]
[White "nidhi204"]
[Black "Andrew588"]
[Result "0-1"]
[ICCResult "White checkmated"]
[WhiteElo "1256"]
[BlackElo "1393"]
[Opening "Four knights: Italian variation"]
[ECO "C55"]
[NIC "IG.01"]
[Time "17:04:20"]
[TimeControl "900+5"]

1. e4 e5 2. Nf3 Nc6 3. Bc4 Nf6 4. Nc3 Bb4 5. O-O Bxc3 6. dxc3 Nxe4 7. Qd5
Nd6 8. Bb3 O-O 9. Nxe5 Nxe5 10. Qxe5 Re8 11. Qg3 Nf5 12. Qf4 Qf6 13. Qxc7
Qg6 14. Bd2 Nh4 15. Qg3 d5 16. Qxh4 Kh8 17. Rfe1 Bd7 18. Qd4 Bh3 19. g3 Qf5
20. Rxe8+ Rxe8 21. Re1 Rxe1+ 22. Bxe1 Qf3 23. Bxd5 Qe2 24. Bg2 Qxe1+ 25. Bf1
Qxf1# {White checkmated} 0-1

[Event "ICC tourney 1923 (15 5)"]
[Site "Internet Chess Club"]
[Date "2020.07.17"]
[Round "6"]
[White "thanhcaptures"]
[Black "OwenT"]
[Result "1-0"]
[ICCResult "Black resigns"]
[WhiteElo "1405"]
[BlackElo "1553"]
[Opening "French: advance, Milner-Barry gambit"]
[ECO "C02"]
[NIC "FR.03"]
[Time "17:04:20"]
[TimeControl "900+5"]

1. e4 e6 2. d4 d5 3. e5 c5 4. c3 Nc6 5. Nf3 Qb6 6. Bd3 Bd7 7. O-O cxd4 8.
cxd4 Nxd4 9. Nxd4 Qxd4 10. Nc3 Qb6 11. Be3 Qxb2 12. Bd4 Bb4 13. Nb5 Qd2 14.
Qxd2 Bxd2 15. Nc7+ Ke7 16. Nxa8 Nh6 17. Nc7 Ba5 18. Nb5 a6 19. Bc5+ Kd8 20.
Nd6 Bc3 21. Rac1 Bxe5 22. Nxb7+ Ke8 23. Be3 Ng4 24. Bd2 Nxh2 25. f3 Nxf1 26.
Rxf1 Bb5 27. Bxb5+ axb5 28. f4 Bd4+ 29. Kh1 Kd7 30. Na5 Ra8 31. f5 Bb6 32.
Nb3 Rxa2 33. f6 g6 34. Rd1 Ra3 35. Rb1 Kc6 36. Kh2 Ra2 37. Bh6 Bc7+ 38. Kh3
Be5 39. Bg7 Rf2 40. g4 Bxf6 41. Kg3 Rb2 42. Rxb2 Bxb2 43. Bxb2 f5 44. g5 Kd6
45. Kf4 b4 46. Bd4 e5+ 47. Bxe5+ Ke6 48. Bd4 Kd6 49. Bc5+ Ke6 50. Bxb4 Kd7
51. Ke5 Kc6 52. Kf6 Kb5 53. Bf8 Kc4 54. Na5+ Kb5 55. Nb3 Kc4 56. Nd2+ Kd3
57. Bb4 Ke3 58. Kg7 Kf4 59. Be7 Ke3 60. Bb4 Kf4 61. Kh6 d4 62. Ba5 d3 63.
Bb4 Kg4 64. Nc4 Kf4 65. Bd2+ Ke4 66. Kxh7 Kd4 67. Nd6 Ke5 68. Nc4+ Kd4 69.
Nb2 {Black resigns} 1-0

[Event "ICC tourney 1923 (15 5)"]
[Site "Internet Chess Club"]
[Date "2020.07.17"]
[Round "6"]
[White "IGMin2023"]
[Black "ChessMonkey123"]
[Result "1/2-1/2"]
[ICCResult "Game drawn by mutual agreement"]
[WhiteElo "1272"]
[BlackElo "1352"]
[Opening "English opening"]
[ECO "A05"]
[NIC "QP.11"]
[Time "17:03:29"]
[TimeControl "900+5"]

1. Nf3 Nf6 2. c4 e6 3. e3 d5 4. g3 c5 5. Bg2 b6 6. O-O Ba6 7. d3 dxc4 8.
dxc4 Qxd1 9. Rxd1 Bxc4 10. Ne5 Bd5 11. f3 Bd6 12. Nd3 Bc7 13. Nf4 Bb7 14. b3
O-O 15. Bb2 Nd5 16. Nxd5 exd5 17. f4 Rd8 18. Nc3 Na6 19. Nxd5 Bxd5 20. Bxd5
Rab8 21. Bc4 Nb4 22. Rxd8+ Rxd8 23. Bc1 Rd1+ 24. Kf2 Nc2 25. Rb1 Nb4 26. Be2
Rd8 27. Rb2 h6 28. Kf3 g5 29. a3 Nd5 30. e4 Nf6 31. fxg5 hxg5 32. Bxg5 Be5
33. Rc2 Rd4 34. Rc4 Rxc4 35. Bxc4 Kg7 36. Bxf6+ Kxf6 37. h4 Kg6 38. h5+ Kxh5
39. Bxf7+ Kg5 40. g4 Kf6 41. Bd5 Bb2 42. a4 Be5 43. Kg2 Kg5 44. Kh3 Kf4 45.
Kh4 Bf6+ 46. Kh5 a6 47. Bc4 a5 48. Bd5 Bg5 49. Bc6 Bf6 50. Kg6 Be7 51. Kh5
Bf6 52. Bd5 Be7 53. Bc6 Bf6 54. Kg6 Be7 55. Kf7 Bg5 56. Ke6 Bh6 57. Kd5 Bg7
58. g5 Kxg5 59. e5 Kf5 60. e6 Kf6 61. Bb5 Ke7 62. Kc6 Bc3 63. Kxb6 Bb4 64.
Bd7 Kd6 65. Kb7 Ke7 66. Kc7 Ba3 67. Kc6 Bb4 68. Kb5 Kd6 69. Bc8 Ke7 70. Kc6
Ba3 71. Kd5 Bb4 {Game drawn by mutual agreement} 1/2-1/2

[Event "ICC tourney 1923 (15 5)"]
[Site "Internet Chess Club"]
[Date "2020.07.17"]
[Round "6"]
[White "aadihetamsaria"]
[Black "dangdang2000"]
[Result "1-0"]
[ICCResult "Black checkmated"]
[WhiteElo "1488"]
[BlackElo "1374"]
[Opening "Danish gambit"]
[ECO "C21"]
[NIC "KP.04"]
[Time "17:03:25"]
[TimeControl "900+5"]

1. e4 e5 2. d4 exd4 3. c3 dxc3 4. Nxc3 Nc6 5. Bc4 Nf6 6. Nf3 Be7 7. e5 Ng4
8. Bf4 d6 9. exd6 cxd6 10. O-O O-O 11. Ne4 Qd7 12. Bxd6 Rd8 13. Bxe7 Qxe7
14. Qe2 Nd4 15. Nxd4 Rxd4 16. Nf6+ Kf8 17. Nxh7+ Ke8 18. Qxe7+ Kxe7 19.
Rfe1+ Kd6 20. Bxf7 Rf4 21. Rad1+ Kc7 22. Re7+ Kb6 23. f3 Nh6 24. Bb3 Rh4 25.
Re8 Nf5 26. Ng5 Rh5 27. Nh3 Rh6 28. Nf4 Nd6 29. Nd5+ Kc5 30. Rc1+ Kd4 31.
Rd1+ Kc5 32. Re3 Be6 33. Rc3+ Kb5 34. Nc7+ Ka5 35. Nxa8 Bxb3 36. Rxb3 Nb5
37. Rd5 a6 38. Nc7 Rb6 39. Nxb5 axb5 40. Rd8 Ra6 41. Rd4 Kb6 42. Rd6+ Ka5
43. Rxa6+ bxa6 44. Kf2 g5 45. Kg3 b4 46. h4 gxh4+ 47. Kxh4 Ka4 48. g4 a5 49.
g5 Kb5 50. g6 Ka4 51. g7 Kb5 52. g8=Q Ka4 53. Qe8# {Black checkmated} 1-0

[Event "ICC tourney 1923 (15 5)"]
[Site "Internet Chess Club"]
[Date "2020.07.17"]
[Round "6"]
[White "Rayhan2020"]
[Black "HappyLunchBox"]
[Result "0-1"]
[ICCResult "White checkmated"]
[WhiteElo "1324"]
[BlackElo "1141"]
[Opening "Scandinavian (center counter) defense"]
[ECO "B01"]
[NIC "SD.02"]
[Time "17:03:25"]
[TimeControl "900+5"]

1. e4 d5 2. exd5 Qxd5 3. Nc3 Qd8 4. Nf3 Nf6 5. Bc4 e6 6. Ng5 h6 7. Nf3 Be7
8. O-O O-O 9. d3 a6 10. Bf4 b5 11. Bb3 Bb7 12. a3 c5 13. Ba2 Nc6 14. Re1 Bd6
15. Be3 Qc7 16. Ne4 Nxe4 17. dxe4 Ne5 18. g3 Bxe4 19. Kg2 Nxf3 20. Rf1 Nd2+
21. f3 Nxf1 22. Qxf1 Bd5 23. Bb1 Be5 24. Ra2 Bxa2 25. Bxa2 Bxb2 26. Bb1 Bxa3
27. c4 bxc4 28. Qxc4 Rfb8 29. Bc2 Rb4 30. Qd3 f5 31. Qxa3 a5 32. Qa2 c4 33.
Bf4 Qd7 34. Bd2 Qxd2+ 35. Kg1 Rab8 36. Qxa5 Rb1+ 37. Bd1 Rxd1#
{White checkmated}
0-1

[Event "ICC tourney 1923 (15 5)"]
[Site "Internet Chess Club"]
[Date "2020.07.17"]
[Round "6"]
[White "Kamatchimuthu"]
[Black "JCJ2018"]
[Result "1-0"]
[ICCResult "Black checkmated"]
[WhiteElo "1430"]
[BlackElo "1670"]
[Opening "QGD semi-Slav: 6.Bd3"]
[ECO "D46"]
[NIC "SL.01"]
[Time "17:03:26"]
[TimeControl "900+5"]

1. d4 d5 2. c4 c6 3. e3 Nf6 4. Nf3 Nbd7 5. Nc3 e6 6. Bd3 Nb6 7. cxd5 cxd5 8.
O-O Bd6 9. e4 dxe4 10. Nxe4 Nxe4 11. Bxe4 O-O 12. Qd3 h6 13. Bh7+ Kh8 14. b3
g6 15. Bxg6 fxg6 16. Qxg6 Qf6 17. Qh5 Kg7 18. Re1 Qg6 19. Qh4 h5 20. Bb2 Kh7
21. Ng5+ Kh6 22. Bc1 Kg7 23. d5 Qf6 24. Be3 Nxd5 25. Qxh5 Nxe3 26. Qh7#
{Black checkmated}
1-0

[Event "ICC tourney 1923 (15 5)"]
[Site "Internet Chess Club"]
[Date "2020.07.17"]
[Round "6"]
[White "UltimateDL"]
[Black "auggie29"]
[Result "0-1"]
[ICCResult "White checkmated"]
[WhiteElo "1243"]
[BlackElo "1280"]
[Opening "French: advance, Paulsen attack"]
[ECO "C02"]
[NIC "FR.03"]
[Time "17:03:40"]
[TimeControl "900+5"]

1. e4 e6 2. d4 d5 3. e5 c5 4. c3 Nc6 5. Nf3 f6 6. exf6 Nxf6 7. Nbd2 Qb6 8.
Nb3 Be7 9. dxc5 Bxc5 10. Nxc5 Qxc5 11. Be3 Qd6 12. Bd3 O-O 13. O-O e5 14.
Bc2 Bg4 15. h3 Bh5 16. Re1 e4 17. Bxe4 Nxe4 18. c4 Bxf3 19. gxf3 Nf6 20.
cxd5 Qxd5 21. Qxd5+ Nxd5 22. Rad1 Nxe3 23. Rxe3 Rae8 24. Rde1 Rxe3 25. Rxe3
Nd4 26. Kg2 Nf5 27. Rb3 b6 28. Ra3 Ra8 29. Ra6 Nd4 30. Ra4 Nc6 31. Rc4 Rc8
32. Ra4 Rd8 33. Rc4 Ne5 34. Rc7 Rd2 35. Rxa7 Rxb2 36. a4 Nd3 37. Ra8+ Kf7
38. Ra7+ Kg6 39. Ra6 Rxf2+ 40. Kg3 Rb2 41. a5 Kg5 42. axb6 h5 43. h4+ Kf5
44. Ra5+ Kg6 45. Ra6 Kh7 46. Ra5 Rxb6 47. Rxh5+ Kg6 48. Rg5+ Kh6 49. Rg4 Rf6
50. Rd4 Ne5 51. Rd5 Nxf3 52. Rg5 Nxg5 53. hxg5+ Kxg5 54. Kh3 Kf4 55. Kg2
Rg6+ 56. Kh3 Rg3+ 57. Kh4 Re3 58. Kh5 Re6 59. Kh4 g5+ 60. Kh3 Kf3 61. Kh2 g4
62. Kg1 Kg3 63. Kf1 Kh2 64. Kf2 g3+ 65. Kf3 g2 66. Kg4 g1=Q+ 67. Kh5 Qg6+
68. Kh4 Re4# {White checkmated} 0-1